 Dungeon Crawl Stone Soup version 0.25.1-2-g60ff931df9 (webtiles) character file.

Game seed: 8122237445672679268

135995 hawla the Eclecticist (level 16, -12/126 HPs)
             Began as a Purple Draconian Conjurer on Nov 26, 2020.
             Was a High Priest of Vehumet.
             Mangled by Anlio's ghost (22 damage)
             ... on level 2 of the Spider Nest.
             The game lasted 03:04:02 (42630 turns).

hawla the Eclecticist (Purple Draconian Conjurer)  Turns: 42630, Time: 03:04:03

Health: -12/126    AC: 17    Str: 10 (11) XL:     16   Next: 65%
Magic:  16/43      EV: 16    Int: 28 (30) God:    Vehumet [*****.]
Gold:   1153       SH:  5    Dex: 10 (11) Spells: 3/52 levels left

rFire    + . .     SeeInvis .   K - staff of energy
rCold    x . .     Gourm    .   (no shield)
rNeg     . . .     Faith    .   (armour unavailable)
rPois    +         Spirit   .   x - +2 hat
rElec    +         Reflect  +   l - +0 cloak of the Wary Stories {rElec Int+4}
rCorr    .         Harm     .   w - +1 pair of gloves of a bailey {rElec rPois}
MR       +++..                  q - +2 pair of boots
Stlth    ++++......             o - amulet "Muolato" {Reflect rF+ Slay+2 SH+5}
HPRegen  0.31/turn              G - ring "Foajuom" {+Fly rC- MR+ Int+7 Stlth+}
MPRegen  0.28/turn              N - ring of magical power

@: about to teleport, no potions, slightly contaminated
A: breathe power, unfitting armour, horns 1, clumsy 1, dopey 1, low mp 1,
cold-blooded, AC +9
a: Breathe Dispelling Energy, Renounce Religion, Evoke Flight


You were on level 2 of the Spider Nest.
You worshipped Vehumet.
Vehumet was extremely pleased with you.
You were full.

You visited 5 branches of the dungeon, and saw 27 of its levels.
You also visited: Bailey and Volcano.

You collected 2647 gold pieces.
You spent 1494 gold pieces at shops.

Inventory:

Hand Weapons
 O - the +9 spear of the Fox {venom, rPois}
   (You found it on level 9 of the Dungeon)

   It poisons the flesh of those it strikes.
   It protects you from poison.
Missiles
 H - 17 poisoned darts (quivered)
 J - 5 silver boomerangs
Armour
 l - the +0 cloak of the Wary Stories (worn) {rElec Int+4}
   (You bought it in a shop on level 2 of the Orcish Mines)

   It affects your intelligence (+4).
   It insulates you from electricity.
 q - a +2 pair of boots (worn)
 w - the +1 pair of gloves of a bailey (worn) {rElec rPois}
   (You found it on level 6 of the Lair of Beasts)

   It insulates you from electricity.
   It protects you from poison.
 x - a +2 hat (worn)
Magical Staves
 K - an uncursed staff of energy (weapon)
 W - an uncursed staff of conjuration
Jewellery
 g - an uncursed ring of wizardry
 h - an uncursed ring of stealth
 k - a +6 ring of intelligence
 o - the amulet "Muolato" (around neck) {Reflect rF+ Slay+2 SH+5}
   (You acquired it on level 8 of the Dungeon)

   [amulet of reflection]

   It shields you and reflects attacks.
   It affects your accuracy and damage with ranged weapons and melee attacks
   (+2).
   It protects you from fire.
   It affects your SH (+5).
 z - an uncursed ring of resist corrosion
 D - an uncursed ring of protection from magic
 G - the ring "Foajuom" (left hand) {+Fly rC- MR+ Int+7 Stlth+}
   (You found it on level 8 of the Dungeon)

   [ring of protection from magic]

   It affects your intelligence (+7).
   It makes you vulnerable to cold.
   It affects your resistance to hostile enchantments.
   It lets you fly.
   It makes you more stealthy.
 N - a ring of magical power (right hand)
 Z - an uncursed ring of ice
Wands
 n - a wand of disintegration (38)
 y - a wand of acid (10)
 A - a wand of flame (50)
 C - a wand of iceblast (20)
 E - a wand of clouds (2)
 F - a wand of paralysis (20)
 I - a wand of digging (6)
Scrolls
 a - 8 scrolls of identify
 c - a scroll of enchant weapon
 i - a scroll of brand weapon
 s - a scroll of remove curse
 u - a scroll of holy word
 v - 6 scrolls of teleportation
Potions
 d - 5 potions of curing
 f - 2 potions of haste
 j - 2 potions of berserk rage
 m - 6 potions of stabbing
 t - 2 potions of flight
 B - 2 potions of might
 S - 4 potions of brilliance
 Y - a potion of resistance
Comestibles
 b - 47 rations


   Skills:
 + Level 7.1 Fighting
 + Level 3.7 Staves
 + Level 2.0 Throwing
 + Level 8.5 Dodging
 + Level 6.5 Stealth
 + Level 18.8 Spellcasting
 + Level 13.0 Conjurations
   Level 0.6 Charms
 + Level 6.6 Translocations
 + Level 0.4 Transmutations
 + Level 3.4 Fire Magic
 + Level 7.6 Ice Magic
 + Level 5.1 Air Magic
 + Level 2.2 Earth Magic
 + Level 10.3 Poison Magic
 + Level 4.1 Evocations


You had 3 spell levels left.
You knew the following spells:

 Your Spells              Type           Power        Failure   Level  Hunger
a - Magic Dart            Conj           ####         0%          1    None
b - Searing Ray           Conj           ######       0%          2    None
c - Iskenderun's Mystic   Conj/Tloc      ######..     1%          4    None
d - Airstrike             Air            ######....   1%          4    None
e - Olgreb's Toxic Radia  Pois           ######..     1%          4    None
f - Bolt of Magma         Conj/Fire/Erth ######....   1%          5    None
g - Freezing Cloud        Conj/Ice/Air   ######....   2%          6    None
h - Fireball              Conj/Fire      ######....   1%          5    None
i - Starburst             Conj/Fire      ######....   2%          6    None
j - Apportation           Tloc           ######       1%          1    None
k - Irradiate             Conj/Tmut      ######....   1%          5    None
l - Ozocubu's Refrigerat  Ice            ######....   3%          6    None

Your spell library contained the following spells:

 Spells                   Type           Power        Failure   Level  Hunger
 Animate Skeleton         Necr           N/A          1%          1    None
 Corona                   Hex            ####...      1%          1    None
 Foxfire                  Conj/Fire      ####         1%          1    None
 Pain                     Necr           ####         1%          1    None
 Sandblast                Erth           #####.       1%          1    None
 Summon Small Mammal      Summ           ####         1%          1    None
 Passwall                 Tmut/Erth      ####....     1%          2    None
 Shroud of Golubria       Chrm/Tloc      #####.       1%          2    None
 Swiftness                Chrm/Air       #####...     1%          2    None
 Conjure Flame            Conj/Fire      ######..     1%          3    None
 Dazzling Flash           Conj/Hex       ######       1%          3    None
 Inner Flame              Hex/Fire       #####...     1%          3    None
 Lesser Beckoning         Tloc           ######....   1%          3    None
 Mephitic Cloud           Conj/Pois/Air  ######..     1%          3    None
 Recall                   Summ/Tloc      N/A          1%          3    None
 Stone Arrow              Conj/Erth      ######       1%          3    None
 Vampiric Draining        Necr           ####......   4%          3    None
 Fulminant Prism          Conj/Hex       ######....   1%          4    None
 Passage of Golubria      Tloc           N/A          1%          4    None
 Sticky Flame             Conj/Fire      ######..     1%          4    None
 Ice Form                 Ice/Tmut       #####...     3%          4    None
 Lee's Rapid Deconstruct  Erth           #####.....   4%          5    None
 Leda's Liquefaction      Hex/Erth       ####......   10%         4    None
 Petrify                  Tmut/Erth      ####....     10%         4    None
 Metabolic Englaciation   Hex/Ice        #####.....   10%         5    None
 Summon Forest            Summ/Tloc      #####.....   12%         5    None
 Animate Dead             Necr           N/A          16%         4    None
 Spellforged Servitor     Conj/Summ      ######....   24%         7    None
 Borgnjor's Vile Clutch   Necr/Erth      ####......   28%         5    None
 Agony                    Necr           ####....     41%         5    None
 Aura of Abjuration       Summ           ####......   41%         5    None
 Summon Demon             Summ           ####......   41%         5    None
 Summon Mana Viper        Hex/Summ       ####....     41%         5    None
 Simulacrum               Ice/Necr       #####.....   45%         6    None
 Darkness                 Hex            ####......   94%         6    None
 Death Channel            Necr           ####......   94%         6    None
 Invisibility             Hex            ####....     94%         6    None
 Shadow Creatures         Summ           N/A          94%         6    None
 Controlled Blink         Tloc           N/A          100%        8    None


Dungeon Overview and Level Annotations

Branches:
Dungeon (15/15)            Temple (1/1) D:6            Lair (6/6) D:11
 Shoals (0/4) Lair:3       Spider (3/4) Lair:2        Slime (0/5) Lair:6
    Orc (2/2) D:11            Elf (0/3) Orc:2        Vaults (0/5) D:13
 Depths (0/5) D:15         Bailey (visited)         Volcano (visited)

Altars:
Ashenzari
Cheibriados
Dithmenos
Elyvilon
Fedhas
Gozag
Hepliaklqana
Kikubaaqudgha
Makhleb
Nemelex Xobeh
Okawaru
Qazlal
Ru
Sif Muna
Trog
Uskayaw
Vehumet
Wu Jian
Xom
Yredelemnul
Zin
The Shining One
Beogh
Jiyva

Shops:
D:6 =   Orc:2 *[:(

Annotations:
Lair:6 1 runed translucent door, ew1980's ghost, journeyman SpEn
Spider:2 Anlio's ghost, adept MiBe


Innate Abilities, Weirdness & Mutations

You can breathe bolts of dispelling energy.
Your rich purple scales are hard. (AC +9)
You cannot fit into any form of body armour.
You are cold-blooded and may be slowed by cold attacks.
You have a pair of small horns on your head.
You are clumsy. (Dex -2)
You are dopey. (Int -2)
Your magical capacity is low. (-10% MP)


Message History

Okay, then.
Casting: Irradiate (mildly dangerous; 1% risk of failure)
Confirm with . or Enter, or press ? or * to list all spells.
Aiming: Searing Ray (safe; 0% risk of failure)
Press: ? - help, Shift-Dir - straight line, f - Anlio's ghost
Aim: Anlio's ghost, wielding a weapon of flaming (severely damaged)
The searing ray hits Anlio's ghost but does no damage.
Anlio's ghost is severely damaged. (Press . to maintain the ray.) Anlio's ghost hits you!!!
* * * LOW HITPOINT WARNING * * *
Anlio's ghost burns you!
* * * LOW HITPOINT WARNING * * *
You cannot drink potions in your current state!
The hornet rages. x2
You cannot drink potions in your current state!
Anlio's ghost hits you but does no damage.
As you read the scroll of teleportation, it crumbles to dust.
You feel strangely unstable. Anlio's ghost hits you!!
You die...

#.#.......#.#
#.#.....).#.#
##.'.....).#.#
#..'.....[.#.#
#.†'.....!.#.#
#..#.....?.#.#
#..#.......#.#
#..#########.#
#...syW@.....#
#.############
#.# #.# #.#
#.# #.# #.#
#.#


You could see an orb spider, a hornet (berserk) and Anlio's ghost.

Vanquished Creatures
  Kirke (Lair:4)
  A fire giant (D:15)
  3 orc warlords
  A ghost moth (Spider:2)
  Louise (D:14)
  An emperor scorpion (Spider:2)
  The ghost of Talorius the Blocker, a journeyman GnFi of Trog (Orc:2)
  Snorg (Orc:1)
  Erolcha (D:9)
  Josephine (D:14)
  4 vault guards (D:13)
  6 hydras
  5 two-headed ogres
  An ogre mage (D:13)
  6 death yaks
  5 orc high priests (Orc:2)
  A fire crab (Volcano)
  5 slime creatures (D:13)
  3 unseen horrors
  A lindwurm (Volcano)
  3 orc knights
  13 orb spiders
  A wolf spider zombie (D:15)
  2 oklob plants (D:11)
  11 wolf spiders
  8 ugly things
  A manticore (D:14)
  An orc sorcerer (Orc:1)
  3 cyclopes
  A moth of wrath (Spider:2)
  11 elephants
  Joseph (D:7)
  Maurice (D:8)
  4 black mambas
  A centaur skeleton (D:13)
  3 torpor snails
  2 gargoyles
  23 spiny frogs
  3 rime drakes
  11 komodo dragons
  2 kobold demonologists (D:12)
  A yaktaur (D:13)
  8 demonic crawlers
  3 tyrant leeches (Lair:6)
  3 meliai (Lair:4)
  2 tengu conjurers
  A queen bee (Lair:4)
  22 jumping spiders
  A hornet (Spider:2)
  8 trolls
  37 blink frogs
  11 hippogriffs
  2 shadows
  28 redbacks
  49 yaks
  2 vampires (D:14)
  5 wraiths (D:14)
  6 fire bats
  2 basilisks
  2 wyverns
  2 hogs (Lair:4)
  10 tarantellas
  3 hungry ghosts
  2 steam dragons
  8 vampire mosquitoes
  6 wargs
  2 acid dragons
  2 soldier ants
  6 hell hounds
  6 water moccasins
  7 porcupines
  36 orc warriors
  2 eyes of draining
  5 sky beasts
  12 ogres
  A phantom (D:11)
  4 ice beasts
  2 necrophages
  5 centaurs
  10 crocodiles
  5 big kobolds
  Blork the orc (D:5)
  A gnoll sergeant (D:6)
  26 bullfrogs
  A water moccasin zombie (D:11)
  A wyvern skeleton (D:11)
  3 scorpions
  34 killer bees
  12 wights
  2 howler monkeys
  5 electric eels
  A bullfrog zombie (D:9)
  A lava snake (Lair:2)
  9 crimson imps
  3 quasits
  7 centaur zombies
  11 hounds
  24 orc priests
  16 orc wizards
  5 jellies
  6 bullfrog skeletons
  7 iguanas
  10 worker ants
  A killer bee zombie (D:9)
  6 ogre zombies (D:11)
  A hound skeleton (D:7)
  2 worker ant zombies
  9 gnolls
  A howler monkey skeleton (D:11)
  13 adders
  4 shadow imps
  2 white imps (D:13)
  An adder zombie (D:7)
  A worm (D:2)
  5 dart slugs
  4 leopard geckos
  81 orcs
  9 giant cockroaches
  15 goblins
  7 hobgoblins
  10 jackals
  36 kobolds
  2 quokkas
  5 bats
  5 frilled lizards
  A goblin skeleton (D:11)
  4 goblin zombies (D:11)
  A hobgoblin skeleton (D:11)
  A leopard gecko skeleton (D:5)
  4 orc skeletons (D:11)
  9 orc zombies (D:11)
  6 rats
  23 fungi
  38 plants
977 creatures vanquished.

Vanquished Creatures (collateral kills)
  A hydra (Lair:6)
  A two-headed ogre (Orc:1)
  An orc knight (Orc:1)
3 creatures vanquished.

Vanquished Creatures (others)
  A human (Lair:4)
  An orc wizard (Orc:2)
  20 fungi
  27 plants
  2 withered plants (Orc:2)
51 creatures vanquished.

Grand Total: 1031 creatures vanquished

Notes
Turn   | Place    | Note
-------+----------+-------------------------------------------
     0 | D:1      | hawla the Draconian Conjurer began the quest for the Orb.
     0 | D:1      | Reached XP level 1. HP: 14/14 MP: 3/3
   354 | D:1      | Reached XP level 2. HP: 10/20 MP: 0/5
   704 | D:1      | Reached skill level 3 in Spellcasting
  1250 | D:1      | Reached XP level 3. HP: 26/26 MP: 3/7
  1271 | D:1      | Learned a level 2 spell: Searing Ray
  2067 | D:2      | Found a radiant altar of Vehumet.
  2347 | D:2      | Reached XP level 4. HP: 33/33 MP: 5/9
  2353 | D:2      | Learned a level 4 spell: Iskenderun's Mystic Blast
  3333 | D:3      | Reached skill level 4 in Spellcasting
  3863 | D:4      | Reached skill level 1 in Translocations
  3889 | D:4      | Reached XP level 5. HP: 37/38 MP: 4/11
  4019 | D:4      | You fall into a shaft and drop 1 floor!
  4019 | D:5      | Entered Level 5 of the Dungeon
  4061 | D:5      | Noticed Blork the orc
  4072 | D:5      | Reached skill level 5 in Conjurations
  4074 | D:5      | Killed Blork the orc
  4074 | D:5      | Reached XP level 6. HP: 44/45 MP: 3/13
  4493 | D:5      | Noticed an ice beast
  4507 | D:5      | Killed an ice beast
  4539 | D:4      | Reached skill level 5 in Spellcasting
  4815 | D:4      | Your scales start taking on a rich purple colour.
  4815 | D:4      | Reached skill level 6 in Spellcasting
  4815 | D:4      | Reached XP level 7. HP: 50/50 MP: 9/16
  5248 | D:4      | Found a roughly hewn altar of Beogh.
  5795 | D:2      | Became a worshipper of Vehumet
  5881 | D:3      | Reached skill level 7 in Spellcasting
  6217 | D:5      | Reached XP level 8. HP: 58/58 MP: 15/18
  6758 | D:6      | Reached skill level 1 in Fighting
  6993 | D:6      | Reached * piety under Vehumet
  6993 | D:6      | Offered knowledge of Shock by Vehumet.
  7246 | D:6      | Found a sacrificial altar of Ru.
  7264 | D:6      | Noticed a brown ugly thing
  7274 | D:6      | Killed a brown ugly thing
  7274 | D:6      | Reached skill level 1 in Staves
  7274 | D:6      | Reached skill level 8 in Spellcasting
  7460 | D:6      | Killed an unseen horror
  7460 | D:6      | Reached XP level 9. HP: 30/67 MP: 4/21
  7689 | D:6      | Found Faabanub's Jewellery Shop.
  7696 | D:6      | Reached skill level 1 in Evocations
  7947 | D:6      | Found a staircase to the Ecumenical Temple.
  8138 | D:6      | Reached skill level 9 in Spellcasting
  8561 | D:7      | Found a flagged portal.
  8575 | Bailey   | Entered a bailey
  8595 | Bailey   | Noticed an orc warlord
  8648 | Bailey   | Reached ** piety under Vehumet
  8648 | Bailey   | Offered knowledge of Foxfire by Vehumet.
  8757 | Bailey   | Found a runed translucent gate.
  8757 | Bailey   | Found a runed translucent gate.
  8757 | Bailey   | Found a runed translucent gate.
  8804 | Bailey   | Killed an orc warlord
  8804 | Bailey   | Reached XP level 10. HP: 34/77 MP: 1/23
  9384 | D:7      | Reached skill level 10 in Spellcasting
  9613 | D:7      | Offered knowledge of Inner Flame by Vehumet.
  9842 | D:7      | Reached skill level 1 in Throwing
  9906 | D:7      | Reached *** piety under Vehumet
  9995 | D:7      | Found a hazy altar of Hepliaklqana.
 10110 | D:7      | Noticed Joseph
 10126 | D:7      | Killed Joseph
 10625 | D:8      | Identified a scroll of acquirement
 10625 | D:8      | Acquired the amulet "Muolato" {Reflect rF+ Slay+2 SH+5}
 10894 | D:8      | Offered knowledge of Airstrike by Vehumet.
 11033 | D:8      | Got an ancient brass ring
 11035 | D:8      | Identified the ring "Foajuom" {+Fly rC- MR+ Int+7 Stlth+}
                  | (You found it on level 8 of the Dungeon)
 11291 | D:8      | Learned a level 4 spell: Airstrike
 11414 | D:8      | Reached **** piety under Vehumet
 11414 | D:8      | Reached skill level 1 in Air Magic
 11502 | D:8      | Noticed Maurice
 11514 | D:8      | Killed Maurice
 11514 | D:8      | Reached skill level 11 in Spellcasting
 12038 | D:9      | Offered knowledge of Olgreb's Toxic Radiance by Vehumet.
 12053 | D:8      | Learned a level 4 spell: Olgreb's Toxic Radiance
 12247 | D:9      | Reached XP level 11. HP: 82/82 MP: 8/26
 12251 | D:9      | Reached skill level 1 in Poison Magic
 12271 | D:10     | Entered Level 10 of the Dungeon
 12406 | D:9      | Noticed Erolcha
 13120 | D:9      | Got a dazzling spear
 13121 | D:9      | Identified the +9 spear of the Fox {venom, rPois} (You
                  | found it on level 9 of the Dungeon)
 13158 | D:9      | Killed Erolcha
 13427 | D:9      | Found a burning altar of Makhleb.
 13427 | D:9      | Found a hazy altar of Hepliaklqana.
 13432 | D:9      | Found a white marble altar of Elyvilon.
 13434 | D:9      | Found a stormy altar of Qazlal.
 13436 | D:9      | Found a bloodstained altar of Trog.
 13485 | D:9      | Found a glowing golden altar of the Shining One.
 13696 | D:8      | Got an encrusted long sword
 13697 | D:8      | Identified the +8 long sword of Fiaxomuesch {vorpal, Int+4
                  | Dex+3} (You found it on level 8 of the Dungeon)
 13909 | D:11     | Noticed a red ugly thing
 13911 | D:11     | Reached ***** piety under Vehumet
 13912 | D:11     | Offered knowledge of Bolt of Magma by Vehumet.
 13996 | D:11     | Found a staircase to the Orcish Mines.
 13999 | D:11     | Reached skill level 5 in Fighting
 13999 | D:11     | Reached skill level 12 in Spellcasting
 13999 | D:11     | Reached XP level 12. HP: 78/95 MP: 24/28
 14462 | D:11     | Reached skill level 10 in Conjurations
 15000 | D:11     | Noticed an eight-headed hydra
 15010 | D:11     | Killed an eight-headed hydra
 15252 | D:11     | Noticed a two-headed ogre
 15259 | D:11     | Killed a two-headed ogre
 15497 | D:11     | Noticed a two-headed ogre
 15506 | D:11     | Killed a two-headed ogre
 15506 | D:11     | Reached skill level 13 in Spellcasting
 15620 | D:11     | Reached skill level 5 in Translocations
 16109 | D:11     | Found a staircase to the Lair.
 16253 | D:12     | Got a warped falchion
 16254 | D:12     | Identified the +6 falchion "Acarinebane" {flame, rF+ rC-
                  | Int+8 SInv} (You found it on level 12 of the Dungeon)
 16549 | D:12     | Identified the +1 leather armour of Vexation {rElec Str+6}
 16854 | D:12     | Reached XP level 13. HP: 102/102 MP: 30/30
 17049 | D:12     | Reached skill level 5 in Poison Magic
 17161 | D:12     | You fall into a shaft and drop 2 floors!
 17611 | D:14     | Noticed Louise
 18049 | D:13     | Reached skill level 14 in Spellcasting
 18501 | D:12     | Learned a level 5 spell: Bolt of Magma
 18508 | D:12     | Learned a level 6 spell: Freezing Cloud
 18885 | Temple   | Entered the Ecumenical Temple
 19176 | D:13     | Reached skill level 1 in Ice Magic
 19930 | D:13     | Reached skill level 1 in Fire Magic
 19930 | D:13     | Reached skill level 1 in Earth Magic
 20074 | D:13     | Found a gate to the Vaults.
 20243 | D:13     | Got an iridescent trident
 20244 | D:13     | Identified the +6 trident "Vocew" {vorpal, rElec Str+3}
                  | (You found it on level 13 of the Dungeon)
 20602 | D:14     | Noticed Josephine
 20616 | D:14     | Killed Josephine
 20620 | D:14     | Offered knowledge of Fireball by Vehumet.
 20628 | D:14     | Learned a level 5 spell: Fireball
 21652 | D:14     | Killed Louise
 21929 | D:15     | Entered Level 15 of the Dungeon
 21932 | D:15     | Gained mutation: Your magical capacity is low. (-10% MP)
                  | [potion of mutation]
 21932 | D:15     | Gained mutation: You are clumsy. (Dex -2) [potion of
                  | mutation]
 21932 | D:15     | Gained mutation: You are dopey. (Int -2) [potion of
                  | mutation]
 21932 | D:15     | Gained mutation: You have a pair of small horns on your
                  | head. [potion of mutation]
 22035 | D:15     | Learned a level 2 spell: Swiftness
 22232 | D:15     | Reached XP level 14. HP: 64/111 MP: 11/29
 22239 | D:15     | Reached skill level 5 in Air Magic
 22527 | D:15     | Found a staircase to the Depths.
 22527 | D:15     | Noticed a fire giant
 22590 | D:15     | Got a glimmering dagger
 22594 | D:15     | Identified the +3 dagger "Cur Afor" {vorpal, rElec} (You
                  | found it on level 15 of the Dungeon)
 22696 | D:15     | Killed a fire giant
 23602 | Orc:1    | Entered Level 1 of the Orcish Mines
 23603 | Orc:1    | Noticed Snorg
 23609 | Orc:1    | Killed Snorg
 23609 | Orc:1    | Reached skill level 15 in Spellcasting
 24043 | Orc:1    | Found a dark tunnel.
 24123 | Orc:1    | Found a burning altar of Makhleb.
 24163 | Volcano  | Entered a volcano
 24796 | Orc:2    | Entered Level 2 of the Orcish Mines
 24796 | Orc:2    | Found Ohanut's General Store.
 24808 | Orc:2    | Noticed an orc warlord
 25334 | Orc:1    | HP: 5/111 [orc knight/+0 great sword (21)]
 25354 | Orc:1    | HP: 8/166 [orc warrior/boomerang (9)]
 25385 | Orc:1    | Noticed an orc warlord
 25394 | Orc:2    | Found a staircase to the Elven Halls.
 26046 | Orc:1    | Found a roughly hewn altar of Beogh.
 26208 | Orc:1    | Killed an orc warlord
 26854 | Orc:2    | Found a runed translucent door.
 26854 | Orc:2    | Noticed Talorius's ghost (journeyman GnFi)
 26889 | Orc:2    | Found Zesm's Antique Weapon Boutique.
 27341 | Orc:2    | Bought a ration for 70 gold pieces
 27341 | Orc:2    | Bought a wand of paralysis (10) for 168 gold pieces
 27353 | Orc:2    | Found Qeyva's Antique Armour Boutique.
 27361 | Orc:2    | Bought a translucent cloak for 266 gold pieces
 27371 | Orc:2    | Identified the +0 cloak of the Wary Stories {rElec Int+4}
                  | (You bought it in a shop on level 2 of the Orcish Mines)
 27381 | Orc:2    | Found Wupnaf's Book Boutique.
 27389 | Orc:2    | Bought a book of Cantrips for 360 gold pieces
 27389 | Orc:2    | Bought a book of Geomancy for 630 gold pieces
 27665 | Orc:2    | Found a roughly hewn altar of Beogh.
 27727 | Orc:2    | Learned a level 1 spell: Apportation
 27731 | Orc:2    | Learned a level 3 spell: Stone Arrow
 27733 | Orc:2    | Learned a level 1 spell: Corona
 28118 | Orc:1    | Killed an orc warlord
 28118 | Orc:1    | Reached skill level 16 in Spellcasting
 28748 | Orc:2    | Killed Talorius's ghost
 29267 | Lair:1   | Entered Level 1 of the Lair of Beasts
 29662 | Lair:1   | Offered knowledge of Yara's Violent Unravelling by Vehumet.
 29680 | Lair:1   | Learned a level 6 spell: Ozocubu's Refrigeration
 30037 | Lair:1   | Identified the Collected Works on the Hurtful Arsonist
 30710 | Lair:2   | Found a hole to the Spider Nest.
 30726 | Lair:2   | Reached XP level 15. HP: 99/117 MP: 26/31
 32489 | Lair:3   | Reached skill level 5 in Ice Magic
 32806 | Lair:3   | Found a staircase to the Shoals.
 33708 | Lair:4   | Offered knowledge of Lightning Bolt by Vehumet.
 33968 | Lair:4   | Acquired an uncursed staff of conjuration
 34070 | Lair:4   | Reached skill level 17 in Spellcasting
 34227 | Lair:4   | Noticed Kirke
 34231 | Lair:4   | Noticed a sphinx
 34237 | Lair:4   | Killed Kirke
 34778 | Lair:4   | Learned a level 5 spell: Lightning Bolt
 37424 | Lair:6   | Entered Level 6 of the Lair of Beasts
 37429 | Lair:6   | Offered knowledge of Iskenderun's Battlesphere by Vehumet.
 37700 | Lair:6   | Learned a level 5 spell: Iskenderun's Battlesphere
 38079 | Lair:6   | Found a viscous altar of Jiyva.
 38080 | Lair:6   | Found a staircase to the Slime Pits.
 38188 | Lair:6   | Offered knowledge of Irradiate by Vehumet.
 38196 | Lair:6   | Learned a level 5 spell: Irradiate
 38228 | Lair:6   | Reached XP level 16. HP: 82/124 MP: 2/34
 38894 | Lair:6   | Reached skill level 18 in Spellcasting
 38949 | Lair:6   | Found a runed translucent door.
 38950 | Lair:6   | Found a shimmering altar of Xom.
 38950 | Lair:6   | Noticed ew1980's ghost (journeyman SpEn)
 39377 | Lair:6   | Got a pair of jewelled gloves
 39388 | Lair:6   | Identified the +1 pair of gloves of a bailey {rElec rPois}
                  | (You found it on level 6 of the Lair of Beasts)
 39596 | Spider:1 | Entered Level 1 of the Spider Nest
 40963 | Spider:2 | Found a runed translucent gate.
 40964 | Spider:2 | Found a runed translucent gate.
 40965 | Spider:2 | Found a runed translucent gate.
 40967 | Spider:2 | Noticed Anlio's ghost (adept MiBe)
 41150 | Spider:2 | Reached skill level 10 in Poison Magic
 41372 | Spider:2 | Offered knowledge of Starburst by Vehumet.
 41403 | Spider:2 | Learned a level 6 spell: Starburst
 42053 | Spider:2 | Identified the Compendium of Translocation and the
                  | Mountains
 42630 | Spider:2 | Mangled by Anlio's ghost

Illustrated notes

Levels and vault maps discovered:
D:1:      dpeg_arrival_chambers_temple_mockup, layout_rooms
D:2:      kennysheep_six_static_rooms, layout_loops_corners, vehumet_crystals,
          minmay_misc_feat_rugged
D:3:      layout_basic, first_ration
D:4:      layout_loops_cross, kennysheep_orc_chapel
D:5:      layout_basic, uniq_blork_the_orc
D:6:      layout_basic, nicolae_ru_great_annihilating_truth,
          minmay_temple_entry_proselytizer, serial_shops, shop, kb_rosetta
D:7:      layout_basic, basic_altar, enter_bailey_3, minmay_misc_feat_five,
          uniq_joseph
D:8:      layout_loops_cross, uniq_maurice
D:9:      layout_cave_pools, chequers_temple_overflow_minitemple,
          lemuel_doored_altar, uniq_erolcha
D:10:     layout_cave_pools
D:11:     layout_loops_corners, dpeg_oklobed_lair, zombieorc1_lemuel
D:12:     layout_basic
D:13:     layout_loops_ring, grunt_vaults_entry_fortified, minmay_nine_imps
D:14:     layout_stronghold, dk_noncrumbling_3, gauntlet_entry_generic,
          uniq_josephine, uniq_louise
D:15:     grunt_enter_depths_giant_problem, layout_basic, minmay_misc_feat_chi
Temple:   dpeg_chambers_temple
Lair:1:   layout_long_grid
Lair:2:   layout_gridlike, spider_nest_entry_funnel_web,
          hangedman_lair_generics_rect
Lair:3:   layout_cave_pods, shoals_dummy_entry, serial_bayou_shore_b
Lair:4:   layout_small_grid, special_room [special_room_bee],
          chequers_serial_rivers_small_a, st_stairs_11, serial_bayou_shore_a,
          uniq_kirke
Lair:5:   layout_long_grid, grunt_megastairs_3
Lair:6:   minmay_lair_end_frog_pond, layout_loops_ring, slime_altar_1,
          ebering_ghost_xom, minivault_25
Spider:1: layout_spider_delve
Spider:2: layout_spider_delve, gammafunk_ghost_split
Spider:3: layout_spider_delve
Orc:1:    layout_caves, basic_altar, enter_volcano_3, david_defended_altar_orc,
          uniq_snorg
Orc:2:    grunt_orc_gardens, layout_diamond_mine, grunt_orc_garden,
          grunt_orc_garden, grunt_orc_garden, grunt_orc_garden,
          gammafunk_ghost_grave, mines1_david

Skill      XL: |  1  2  3  4  5  6  7  8  9 10 11 12 13 14 15 16 |
---------------+-------------------------------------------------+-----
Spellcasting   | 3 4 6 7 8 9 11 12 13 14 16 17 18 | 18.8
Translocations | 1 2 3 4 5 6 |  6.6
Conjurations   | 5 6 7 8 9 10 11 12 13 | 13.0
Stealth        | 2 3 4 6 |  6.5
Dodging        | 2 3 4 6 7 8 |  8.5
Fighting       | 1 3 5 6 7 |  7.1
Staves         | 2 3 |  3.7
Evocations     | 2 3 4 |  4.1
Throwing       | 2 |  2.0
Air Magic      | 1 2 4 5 |  5.1
Poison Magic   | 3 4 6 8 10 | 10.3
Ice Magic      | 2 3 7 |  7.6
Fire Magic     | 1 3 |  3.4
Earth Magic    | 1 2 |  2.2
Charms         | |  0.6
Transmutations | |  0.4

Action                   |  1- 3 |  4- 6 |  7- 9 | 10-12 | 13-15 | 16-18 || total
-------------------------+-------+-------+-------+-------+-------+-------++-------
Melee: Unarmed           |    27 |    14 |       |       |       |       ||    41
       Tailslap          |     1 |       |     3 |     3 |     7 |     4 ||    18
       Quarterstaff      |       |     1 |    21 |     6 |    15 |       ||    43
       Spear             |       |       |       |     8 |     3 |       ||    11
       Long sword        |       |       |       |     5 |     4 |       ||     9
       Headbutt          |       |       |       |       |     9 |     2 ||    11
       Staff             |       |       |       |       |     8 |    16 ||    24
       Falchion          |       |       |       |       |     4 |       ||     4
Throw: Dart              |       |       |     5 |     6 |       |       ||    11
       Boomerang         |       |       |       |       |     2 |       ||     2
 Cast: Magic Dart        |    66 |    47 |    60 |   152 |   166 |    29 ||   520
       Searing Ray       |    10 |    27 |    59 |   124 |   218 |    38 ||   476
       Iskenderun's Myst |       |     2 |    17 |    40 |   148 |    18 ||   225
       Olgreb's Toxic Ra |       |       |       |    33 |   102 |    75 ||   210
       Airstrike         |       |       |       |    11 |    18 |       ||    29
       Bolt of Magma     |       |       |       |       |    39 |       ||    39
       Freezing Cloud    |       |       |       |       |    17 |       ||    17
       Fireball          |       |       |       |       |    25 |       ||    25
       Ozocubu's Refrige |       |       |       |       |    44 |    22 ||    66
       Swiftness         |       |       |       |       |     4 |       ||     4
       Iskenderun's Batt |       |       |       |       |     4 |       ||     4
       Stone Arrow       |       |       |       |       |     1 |       ||     1
       Irradiate         |       |       |       |       |       |    20 ||    20
Evoke: Wand              |       |       |    12 |     5 |     9 |     9 ||    35
       Staff of energy   |       |       |       |       |       |     2 ||     2
  Use: Scroll            |     4 |     4 |     5 |     7 |    27 |     4 ||    51
       Potion            |     1 |       |     3 |     3 |    19 |     3 ||    29
 Stab: Sleeping          |       |       |       |       |     1 |       ||     1
  Eat: Chunk             |     5 |     9 |    13 |    21 |    40 |     6 ||    94
       Ration            |       |       |       |     1 |     8 |     4 ||    13
Armor: Skin              |    26 |    18 |    36 |    85 |   127 |    98 ||   390
Dodge: Dodged            |    54 |    38 |    77 |   148 |   296 |   151 ||   764
Block: Other             |       |       |       |    36 |   104 |    50 ||   190
       Reflection        |       |       |       |     2 |     4 |       ||     6
       Rpst.: Long sword |       |       |       |     3 |    10 |       ||    13
       Falchion          |       |       |       |       |    13 |       ||    13
